 Dungeon Crawl Stone Soup version 0.28.0 (webtiles) character file.

Game seed: 3333866516017423804

72 croobank the Skirmisher (level 4, 0/41 HPs)
             Began as a Hill Orc Fighter on Feb 19, 2022.
             Killed from afar by Natasha (1 damage)
             ... with a magic dart
             ... on level 2 of the Dungeon.
             The game lasted 00:04:48 (1111 turns).

croobank the Skirmisher (Hill Orc Fighter)          Turns: 1111, Time: 00:04:49

Health: 0/41       AC:  7    Str: 20    XL:     4   Next: 26%
Magic:  13/13      EV:  9    Int:  8    God:
Gold:   98         SH:  4    Dex: 10    Spells: 3/3 levels left

rFire   . . .      SeeInvis .   a - +0 war axe
rCold   . . .      Faith    .   c - +0 buckler
rNeg    . . .      Spirit   .   b - +0 scale mail
rPois   .          Reflect  .   (no helmet)
rElec   .          Harm     .   (no cloak)
rCorr   .          Rampage  .   (no gloves)
Will    .....                   (no boots)
Stlth   ..........              (no amulet)
HPRegen 0.13/turn               j - ring of magical power
MPRegen 0.13/turn               (no ring)

@: no status effects
A: no striking features
a: no special abilities


You were on level 2 of the Dungeon.
You visited 1 branch of the dungeon, and saw 2 of its levels.

You collected 98 gold pieces.

Inventory:

Hand Weapons
 a - a +0 war axe (weapon)
Missiles
 e - 42 stones (quivered)
Armour
 b - a +0 scale mail (worn)
 c - a +0 buckler (worn)
Jewellery
 j - a ring of magical power (left hand)
Scrolls
 g - a scroll of identify {unknown}
 i - a scroll of blinking {unknown}
 k - a scroll of holy word {unknown}
Potions
 d - a potion of might
 f - a potion of curing {unknown}
 h - a potion of berserk rage {unknown}


   Skills:
 + Level 4.3 Fighting
 + Level 3.7 Axes
 + Level 4.0 Armour
 + Level 3.9 Shields


You had 3 spell levels left.
You didn't know any spells.
Your spell library contained the following spells:

 Spells                   Type           Power      Damage    Failure   Level
 Gell's Gravitas          Tloc           0%         N/A       99%         3
 Lesser Beckoning         Tloc           0%         N/A       99%         3
 Teleport Other           Tloc           0%         N/A       99%         3


Dungeon Overview and Level Annotations

Branches:
Dungeon (2/15)

Altars:

Annotations:
D:2 Natasha


Message History

Found 8 gold pieces.
Natasha hisses angrily.
Natasha drinks a potion.
Natasha flickers and vanishes!
Deactivating autopickup; reactivate with Ctrl-A.
You hear some strange, mumbled words.
A magic dart appears from out of thin air!
The magic dart hits you!
You miss something. You block something's attack.
You miss something. Something completely misses you.
You closely miss something.
You hear some strange, mumbled words.
Something claws you but does no damage.
You closely miss something. You barely miss the shadow imp.
The shadow imp gestures at you.
You barely resist. Something claws you.
You hit something. You closely miss the shadow imp.
The shadow imp gestures at you.
You barely resist. Something claws you but does no damage.
You completely miss something. You closely miss the shadow imp.
You block the shadow imp's attack. Something claws you but does no damage.
The shadow imp closely misses you. Something claws you.
You slash something!
You hit the shadow imp but do no damage.
You hear some strange, mumbled words.
The shadow imp hits you.
You closely miss something. You closely miss the shadow imp.
Something claws you. The shadow imp gestures at you.
Pain shoots through your body!
* * * LOW HITPOINT WARNING * * *
You closely miss something. You closely miss the shadow imp.
The shadow imp hits you but does no damage.
You hear some strange, mumbled words.
A magic dart appears from out of thin air!
The magic dart hits you!
* * * LOW HITPOINT WARNING * * *
You hear some strange, mumbled words.
A magic dart appears from out of thin air!
The magic dart hits you.
You die...

#######.####........##..#.
#..................###...
#####.#.###........# ##..
#............... ...
##.###.......... ####
#.###.####..... #...#.#
#... ###.#.# #@..#
#{5#..... #$5..###. ....##
#.... ###... .... ###..


You could see an iron imp (summoned) and a shadow imp (summoned).

Vanquished Creatures
  Jessica (D:2)
  Terence (D:2)
  A dart slug (D:1)
  2 bats (D:1)
  An endoplasm (D:2)
  A giant cockroach (D:1)
  3 goblins (D:1)
  A hobgoblin (D:1)
  5 quokkas (D:1)
  2 ball pythons (D:1)
  A frilled lizard (D:2)
  2 rats (D:1)
21 creatures vanquished.

Notes
Turn   | Place    | Note
-------+----------+-------------------------------------------
     0 | D:1      | croobank the Hill Orc Fighter began the quest for the Orb.
     0 | D:1      | Reached XP level 1. HP: 19/19 MP: 1/1
   113 | D:1      | Found a faded altar of an unknown god.
   252 | D:1      | Reached XP level 2. HP: 21/23 MP: 2/2
   820 | D:2      | Noticed Terence
   824 | D:2      | Killed Terence
   825 | D:2      | Reached XP level 3. HP: 24/33 MP: 3/3
   844 | D:2      | Noticed Jessica
   852 | D:2      | Killed Jessica
   853 | D:2      | Reached XP level 4. HP: 18/41 MP: 4/4
  1100 | D:2      | Noticed Natasha
  1111 | D:2      | HP: 1/41 [something/magic dart (9)]
  1111 | D:2      | Killed from afar by Natasha

Illustrated notes

Levels and vault maps discovered:
D:1:      erik_arrival_orb_chamber, layout_basic, ebering_ecumenical_altar_mist
D:2:      layout_rooms, uniq_jessica, uniq_terence, uniq_natasha

Skill      XL: |  1  2  3  4 |
---------------+-------------+-----
Axes           | 3 |  3.7
Fighting       | 4 |  4.3
Armour         | 4 |  4.0
Shields        | |  3.9

Action                   |  1- 3 |  4- 6 || total
-------------------------+-------+-------++-------
Melee: War axe           |    57 |    10 ||    67
  Use: Scroll            |     1 |       ||     1
Armor: Scale mail        |    36 |     4 ||    40
Dodge: Dodged            |    38 |     3 ||    41
Block: Buckler           |    18 |     2 ||    20
